[Event "Early-Titled-Tuesday-Blitz-September-05-2023"]
[Site "Chess.com"]
[Date "2023.09.05"]
[Round "10"]
[White "infinitegiantkiller"]
[Black "Taran2004"]
[Result "1-0"]
[WhiteElo "2487"]
[BlackElo "2359"]
[TimeControl "180+1"]
[EndTime "9:49:20 PDT"]
[Termination "infinitegiantkiller won by resignation"]

1. Nf3 Nf6 2. g3 g6 3. Bg2 Bg7 4. O-O O-O 5. b3 c5 6. Bb2 Nc6 7. c4 d5 8. cxd5 Nxd5 9. Bxg7 Kxg7 10. Nc3 Nxc3 11. dxc3 Qxd1 12. Rfxd1 Bf5 13. Rd2 Rfd8 14. Rad1 Rxd2 15. Rxd2 Rd8 16. Rxd8 Nxd8 17. Ne5 Kf6 18. Nc4 b6 19. Ne3 Bb1 20. a3 Ne6 21. Nd5+ Kg7 22. Nxe7 Nc7 23. Nc6 Nb5 24. a4 Nxc3 25. Nxa7 Nxe2+ 26. Kf1 Nd4 27. Nc8 Nxb3 28. Nxb6 c4 29. Bd5 Bd3+ 30. Ke1 Nc5 31. Kd2 Kf6 32. Kc3 Ke5 33. Bxc4 Be4 34. f4+ Kf6 35. Kd4 1-0

[Event "Early-Titled-Tuesday-Blitz-September-05-2023"]
[Site "Chess.com"]
[Date "2023.09.05"]
[Round "10"]
[White "Bauman_Guy"]
[Black "TregubovP"]
[Result "1-0"]
[WhiteElo "2877"]
[BlackElo "2660"]
[TimeControl "180+1"]
[EndTime "9:50:00 PDT"]
[Termination "Bauman_Guy won by checkmate"]

1. e4 c5 2. Nf3 e6 3. d4 cxd4 4. Nxd4 Nf6 5. Nc3 Nc6 6. Ndb5 Bb4 7. a3 Bxc3+ 8. Nxc3 d5 9. Bd3 d4 10. Ne2 e5 11. O-O O-O 12. Qe1 Nd7 13. Ng3 Nc5 14. f4 Nxd3 15. cxd3 f6 16. h3 Be6 17. b4 Qb6 18. Bd2 Rac8 19. Nh5 Bf7 20. Qh4 Bxh5 21. Qxh5 exf4 22. Bxf4 Rfe8 23. Rac1 a6 24. Rc5 Ne7 25.
Rfc1 Rxc5 26. Qxe8# 1-0

[Event "Early-Titled-Tuesday-Blitz-September-05-2023"]
[Site "Chess.com"]
[Date "2023.09.05"]
[Round "10"]
[White "Jospem"]
[Black "nrvisakh"]
[Result "1-0"]
[WhiteElo "3051"]
[BlackElo "2873"]
[TimeControl "180+1"]
[EndTime "9:50:07 PDT"]
[Termination "Jospem won by resignation"]

1. e4 c5 2. Nf3 g6 3. c3 d5 4. e5 Bg4 5. d4 Nc6 6. Bb5 Qb6 7.
Bxc6+ bxc6 8. O-O e6 9. Nbd2 Ne7 10. h3 Bf5 11. dxc5 Qxc5 12. Nb3 Qb6 13. Be3 Qc7 14. Bc5 Nc8 15. Qd4 Be4 16. Nfd2 Bc2 17. Bxf8 Kxf8 18.
Nc5 g5 19. f4 Ne7 20. fxg5 Nf5 21. Qf2 Kg8 22. Rac1 Be4 23. g4 Ng7 24. Ndxe4 dxe4 25. Nxe4 1-0

[Event "Early-Titled-Tuesday-Blitz-September-05-2023"]
[Site "Chess.com"]
[Date "2023.09.05"]
[Round "10"]
[White "Goi_Manne"]
[Black "korbul"]
[Result "1-0"]
[WhiteElo "2322"]
[BlackElo "2565"]
[TimeControl "180+1"]
[EndTime "9:50:18 PDT"]
[Termination "Goi_Manne won by resignation"]

1. e4 c5 2. c3 Nf6 3. e5 Nd5 4. Nf3 e6 5. g3 d6 6. exd6 Bxd6 7. Bg2 O-O 8. O-O Nc6 9. d4 cxd4 10.
Nxd4 Nxd4 11. Qxd4 Qc7 12. Nd2 Bd7 13. Ne4 Be5 14.
Qc5 Qxc5 15. Nxc5 Bc6 16. Re1 Bc7 17. Be3 Nxe3 18. Rxe3 Bxg2 19. Kxg2 Bb6 20. b4 Bxc5 21. bxc5 Rac8 22. Rb1 Rc7 23. Re4 g5 24. Reb4 Rb8 25.
c6 Rxc6 26. Rxb7 Rxb7 27. Rxb7 Rxc3 28. Rxa7 g4 29. h3 h5 30. hxg4 hxg4 31. Ra4 f5 32.
Ra7 Kf8 33. a4 e5 34. Ra5 Kf7 35. Rxe5 Kf6 36. Ra5 Ra3 37. Ra7 Kg5 38. a5 f4 39.
gxf4+ Kxf4 40. a6 Ra2 41. Ra8 g3 42. a7 Rxf2+ 43. Kg1 1-0

[Event "Early-Titled-Tuesday-Blitz-September-05-2023"]
[Site "Chess.com"]
[Date "2023.09.05"]
[Round "10"]
[White "Mikedannnn"]
[Black "MartinMatthiesen"]
[Result "0-1"]
[WhiteElo "2605"]
[BlackElo "2510"]
[TimeControl "180+1"]
[EndTime "9:50:43 PDT"]
[Termination "MartinMatthiesen won by resignation"]

1. e4 c6 2. d4 d5 3. e5 Bf5 4. Nf3 e6 5. Be2 c5 6. O-O Nc6 7. Be3 Qb6 8. c4 Qxb2 9. Nbd2 cxd4 10. Bf4 d3 11. cxd5 dxe2 12. Qxe2 exd5 13. e6 fxe6 14. Rab1 Bxb1 15. Qxe6+ Nge7 16. Be5 Bf5 0-1

[Event "Early-Titled-Tuesday-Blitz-September-05-2023"]
[Site "Chess.com"]
[Date "2023.09.05"]
[Round "10"]
[White "Jmf24"]
[Black "DKmirl"]
[Result "1-0"]
[WhiteElo "2382"]
[BlackElo "2254"]
[TimeControl "180+1"]
[EndTime "9:51:38 PDT"]
[Termination "Jmf24 won on time"]

1. e4 c5 2. Nc3 Nc6 3. f4 g6 4. Nf3 Bg7 5. Bb5 Nd4 6. O-O Nxb5 7. Nxb5 Nf6 8. d3 O-O 9. Qe1 d6 10. f5 a6 11. Nc3 b5 12. Qh4 b4 13. Ne2 Qb6 14. Bh6 c4+ 15. Kh1 cxd3 16. cxd3 Bd7 17. Ng5 Qe3 18. fxg6 fxg6 19. Bxg7 Kxg7 20. Rxf6 Kxf6 21.
Rf1+ Ke5 22. d4+ Qxd4 23. Qg3+ 1-0

[Event "Early-Titled-Tuesday-Blitz-September-05-2023"]
[Site "Chess.com"]
[Date "2023.09.05"]
[Round "10"]
[White "djano"]
[Black "Murad_Ibrahimli"]
[Result "0-1"]
[WhiteElo "2625"]
[BlackElo "2864"]
[TimeControl "180+1"]
[EndTime "9:51:43 PDT"]
[Termination "Murad_Ibrahimli won by checkmate"]

1. e4 e5 2. Nf3 Nc6 3. d4 exd4 4. Nxd4 Nf6 5. Nc3 Bb4 6. Nxc6 bxc6 7. Bd3 O-O 8. O-O d5 9. exd5 cxd5 10. Qf3 h6 11. h3 c6 12. Na4 Re8 13. b3 Ne4 14. Be3 Nd2 15. Bxd2 Bxd2 16. Bf5 Ba6 17. Bd3 Bc8 18. Bf5 Qf6 19. Bxc8 Qxf3 20. gxf3 Raxc8 21. Rfd1 Bb4 22. c4 dxc4 23. bxc4 Re2 24. Rab1 a5 25. Rb2 Rce8 26. Kf1 Re1+ 27. Rxe1 Rxe1+ 28. Kg2 Rc1 29. Nb6 g5 30. Rb3 Rc2 31. a3 Bc5 32. Nd7 Bxf2 33. Rb8+ Kg7 34. Rc8 Bd4+ 35. Kg3 Rxc4 36. Kg4 Be5+ 37. Kf5 Bd6 38. Ne5 Rf4# 0-1

[Event "Early-Titled-Tuesday-Blitz-September-05-2023"]
[Site "Chess.com"]
[Date "2023.09.05"]
[Round "10"]
[White "Kapitan_Bayan"]
[Black "PawnEatingZombie"]
[Result "0-1"]
[WhiteElo "2188"]
[BlackElo "2066"]
[TimeControl "180+1"]
[EndTime "9:51:45 PDT"]
[Termination "PawnEatingZombie won by resignation"]

1. e4 Nf6 2. e5 Nd5 3. d4 d6 4. c4 Nb6 5. exd6 exd6 6. Nc3 Be7 7. Bd3 Bf6 8. Nge2 Nc6 9. Be3 O-O 10. O-O Nb4 11. Ng3 Nxd3 12. Qxd3 d5 13. c5 Nc4 14. b3 Nxe3 15. fxe3 Re8 16. Nf5 Bxf5 17. Rxf5 c6 18. Raf1 Re6 19. e4 dxe4 20. Nxe4 Qxd4+ 21. Qxd4 Bxd4+ 22. Kh1 Rxe4 23. Rxf7 Bxc5 24. Rxb7 Rf8 25. Rd1 Rf7 26. Rb8+ Bf8 27. h3 g6 28. Rd6 c5 29. Rd5 Kg7 30. Kh2 Re2 31. Rc8 Rxa2 0-1

[Event "Early-Titled-Tuesday-Blitz-September-05-2023"]
[Site "Chess.com"]
[Date "2023.09.05"]
[Round "10"]
[White "expii"]
[Black "Fleetw00dMac"]
[Result "0-1"]
[WhiteElo "2267"]
[BlackElo "2463"]
[TimeControl "180+1"]
[EndTime "9:51:49 PDT"]
[Termination "Fleetw00dMac won by resignation"]

1. e4 e5 2. Nf3 Nc6 3. Bb5 a6 4. Ba4 Nf6 5. d4 exd4 6. O-O Be7 7. Re1 b5 8. Bb3 d6 9. Bd5 Nxd5 10. exd5 Ne5 11.
Nxd4 O-O 12. a4 Bd7 13. axb5 axb5 14. Rxa8 Qxa8 15. Nc3 b4 16. Ne4 f5 17. Ng3 f4 18.
Ne4 Qxd5 19. Nf5 Qf7 20. Nxe7+ Qxe7 21. f3 Qf7 22. Qd4 b3 23. c3 Qc4 24. Bd2 Qxd4+ 25. cxd4 Nc4 26. Bc3 Ra8 27. Nd2 Nxd2 28. Bxd2 Kf7 29.
h3 g5 30. Rc1 c6 31. Rc3 Ra1+ 32. Kh2 Rd1 33. Rd3 Bf5 34. Rxb3 Rxd2 0-1

[Event "Early-Titled-Tuesday-Blitz-September-05-2023"]
[Site "Chess.com"]
[Date "2023.09.05"]
[Round "10"]
[White "Mariia89"]
[Black "Boorchess"]
[Result "0-1"]
[WhiteElo "1975"]
[BlackElo "2567"]
[TimeControl "180+1"]
[EndTime "9:51:50 PDT"]
[Termination "Boorchess won by resignation"]

1. d4 h5 2. Nf3 a5 3. c4 e6 4. Nc3 Bb4 5. e4 d6 6. Bg5 f6 7. Bd2 Ne7 8. Bd3 e5 9. a3 Bxc3 10. Bxc3 a4 11. h3 Bd7 12. Rc1 Nbc6 13. d5 Na5 14.
Rc2 Nb3 15. Re2 b6 16. Bc2 Nc5 17. Bb4 g5 18. Nd2 Ng6 19. g3 h4 20. Nb1 Qc8 21.
g4 Nf4 22. Rd2 Qa6 23. Bxc5 bxc5 24. Bd3 Ke7 25. Nc3 Rhb8 26. Bf1 Rb3 27. Qc1 Qa5 28.
Ne2 Nd3+ 0-1

[Event "Early-Titled-Tuesday-Blitz-September-05-2023"]
[Site "Chess.com"]
[Date "2023.09.05"]
[Round "10"]
[White "Fandorine"]
[Black "Vanina1989"]
[Result "1-0"]
[WhiteElo "2910"]
[BlackElo "2717"]
[TimeControl "180+1"]
[EndTime "9:51:52 PDT"]
[Termination "Fandorine won by resignation"]

1. e4 c6 2. Nf3 d5 3. d3 g6 4. e5 f6 5. d4 fxe5 6. Nxe5 Bg7 7. Bd3 Nd7 8. Bf4 Nxe5 9. dxe5 Qb6 10. O-O Qxb2 11. Nd2 Qd4 12. Bg3 Bg4 13. Qb1 O-O-O 14.
h3 Bd7 15. Qb3 c5 16. Rab1 Bc6 17. Qa3 c4 18. Nf3 Qe4 19. Bxe4 dxe4 20. Ng5 Nh6 21.
Qxa7 e3 22. e6 1-0

[Event "Early-Titled-Tuesday-Blitz-September-05-2023"]
[Site "Chess.com"]
[Date "2023.09.05"]
[Round "10"]
[White "MKlose11"]
[Black "Boundless_Strike"]
[Result "0-1"]
[WhiteElo "2640"]
[BlackElo "2571"]
[TimeControl "180+1"]
[EndTime "9:51:56 PDT"]
[Termination "Boundless_Strike won by checkmate"]

1. e4 d6 2. d4 e5 3. dxe5 Nc6 4. exd6 Bxd6 5. Nf3 Bg4 6. Be2 Qe7 7. Nbd2 O-O-O 8.
O-O Nf6 9. h3 h5 10. Re1 Kb8 11. c3 Bxf3 12. Bxf3 g5 13. Nf1 g4 14. hxg4 hxg4 15. Bxg4 Nxg4 16. Qxg4 Rdg8 17. Qf5 Qh4 18. Ng3 Rxg3 19. fxg3 Qxg3 20. Be3 Rh1+ 21. Kxh1 Qh2# 0-1

[Event "Early-Titled-Tuesday-Blitz-September-05-2023"]
[Site "Chess.com"]
[Date "2023.09.05"]
[Round "10"]
[White "hurricane7791"]
[Black "WilsonPalencia21"]
[Result "1-0"]
[WhiteElo "2714"]
[BlackElo "2553"]
[TimeControl "180+1"]
[EndTime "9:51:59 PDT"]
[Termination "hurricane7791 won by resignation"]

1. d4 Nf6 2. c4 c5 3. d5 e6 4. Nc3 exd5 5. cxd5 d6 6. e4 g6 7. f4 Bg7 8. Bb5+ Nfd7 9. Bd3 a6 10. a4 Qh4+ 11.
g3 Qe7 12. Nf3 O-O 13. O-O Re8 14. Kg2 c4 15. Bxc4 Nc5 16. Re1 Bg4 17. h3 Bxf3+ 18. Qxf3 Nbd7 19. Bd2 Rac8 20. Rac1 Bxc3 21. Bxc3 Nxe4 22.
Bd3 f5 23. g4 Ndc5 24. Bc2 Qd7 25. Bd4 Nxa4 26. gxf5 gxf5 27. Kh2 Kf7 28. Qh5+ Kf8 29. Qh6+ Ke7 30. Qh4+ Kf8 31. Rg1 Re7 32. Qh6+ Ke8 33. Rg8+ 1-0

[Event "Early-Titled-Tuesday-Blitz-September-05-2023"]
[Site "Chess.com"]
[Date "2023.09.05"]
[Round "10"]
[White "KVAIDAN"]
[Black "MrBad74"]
[Result "1-0"]
[WhiteElo "2243"]
[BlackElo "2338"]
[TimeControl "180+1"]
[EndTime "9:52:00 PDT"]
[Termination "KVAIDAN won by resignation"]

1. f4 d5 2. Nf3 c6 3. e3 Bg4 4. h3 Bxf3 5. Qxf3 Nd7 6. b3 e5 7.
Bb2 Qc7 8. Nc3 Ngf6 9. O-O-O O-O-O 10. g4 Qa5 11. Kb1 Ba3 12. Ba1 d4 13. Ne2 dxe3 14. g5 Nd5 15. dxe3 Rhe8 16. e4 Nxf4 17. Nxf4 exf4 18.
Qxf4 Ne5 19. Be2 Rxd1+ 20. Rxd1 Qc7 21. h4 Bd6 22. h5 Kb8 23. h6 g6 24. Qf6 Rd8 25.
Bxe5 1-0

[Event "Early-Titled-Tuesday-Blitz-September-05-2023"]
[Site "Chess.com"]
[Date "2023.09.05"]
[Round "10"]
[White "Boxerandchessplayer"]
[Black "HouseOfDurin"]
[Result "1-0"]
[WhiteElo "2092"]
[BlackElo "2257"]
[TimeControl "180+1"]
[EndTime "9:52:04 PDT"]
[Termination "Boxerandchessplayer won by checkmate"]

1. e4 c5 2. Nf3 Nc6 3. d4 cxd4 4. Nxd4 g6 5. Nc3 Bg7 6. Be3 d6 7. Be2 Nf6 8. O-O O-O 9. Kh1 h5 10. f3 a6 11. Qd2 Kh7 12. a4 Bd7 13. f4 Ng4 14.
Bxg4 Bxg4 15. h3 Bd7 16. f5 Ne5 17. Bf4 Nc4 18. Qf2 Nxb2 19. Rab1 Nxa4 20. Nxa4 Bxa4 21.
Rxb7 Rb8 22. Rfb1 Rxb7 23. Rxb7 Bd7 24. g4 hxg4 25. hxg4 Bc8 26. Qh4+ Kg8 27. Rxe7 Bxd4 28. fxg6 Bg7 29. Qh7# 1-0

[Event "Early-Titled-Tuesday-Blitz-September-05-2023"]
[Site "Chess.com"]
[Date "2023.09.05"]
[Round "10"]
[White "Herman-NY"]
[Black "play1ngtheangel"]
[Result "1-0"]
[WhiteElo "2535"]
[BlackElo "2664"]
[TimeControl "180+1"]
[EndTime "9:52:05 PDT"]
[Termination "Herman-NY won by checkmate"]

1. e4 c5 2. Nf3 d6 3. d4 cxd4 4. Nxd4 Nf6 5. Nc3 a6 6. Bc4 e5 7. Nf5 Qc7 8. Qe2 Nxe4 9. Nd5 Qc6 10. Nd4 exd4 11. Qxe4+ Be6 12. Qxd4 Nd7 13. Bg5 Rc8 14. Bb3 f6 15. Bf4 Kf7 16. O-O Ne5 17. Rfe1 h5 18.
Rad1 g5 19. Bg3 h4 20. Bxe5 dxe5 21. Qe4 Bd6 22. Qf3 g4 23. Qxf6+ Kg8 24. Qxe6+ Kg7 25.
Qf6+ Kh7 26. Qf7+ Kh6 27. Qf6+ Kh7 28. Ne7 Bxe7 29. Qxe7+ Kg6 30. Rd6+ Kf5 31. Qe6+ Kg5 32. Qxe5# 1-0

[Event "Early-Titled-Tuesday-Blitz-September-05-2023"]
[Site "Chess.com"]
[Date "2023.09.05"]
[Round "10"]
[White "NovoselovRoman"]
[Black "andrzej"]
[Result "1-0"]
[WhiteElo "2580"]
[BlackElo "2408"]
[TimeControl "180+1"]
[EndTime "9:52:07 PDT"]
[Termination "NovoselovRoman won by checkmate"]

1. e4 e5 2. Nc3 Nf6 3. Nf3 Bb4 4.
Bc4 Bxc3 5. dxc3 d6 6. h3 O-O 7. Qe2 a5 8. Bg5 h6 9. Bh4 a4 10. a3 Be6 11. O-O-O Nbd7 12. g4 Qb8 13. g5 hxg5 14.
Nxg5 Bxc4 15. Qxc4 Nc5 16. Rhg1 b5 17. Qe2 Ne6 18.
Nxe6 fxe6 19. Rg6 Ne8 20. Rdg1 Rf7 21. Qh5 Rf4 22. Rh6 Qb6 23. Rh8# 1-0

[Event "Early-Titled-Tuesday-Blitz-September-05-2023"]
[Site "Chess.com"]
[Date "2023.09.05"]
[Round "10"]
[White "Jahonas"]
[Black "DarZay"]
[Result "0-1"]
[WhiteElo "2377"]
[BlackElo "2274"]
[TimeControl "180+1"]
[EndTime "9:52:07 PDT"]
[Termination "DarZay won by resignation"]

1. e4 c5 2. b3 Nc6 3. Bb2 d5 4.
exd5 Qxd5 5. Nf3 Nf6 6. Nc3 Qd8 7. Bb5 Bd7 8. O-O e6 9. d4 cxd4 10. Nxd4 Be7 11. Nxc6 bxc6 12. Bc4 Nd5 13. Ne4 O-O 14. Qf3 f5 15. Ng3 Bf6 16. Bxf6 Qxf6 17. Bxd5 exd5 18. Rad1 Qg6 19. h3 f4 20. Ne2 Qxc2 21.
Nc3 Kh8 22. Rfe1 Rae8 23. Rc1 Qf5 24. Na4 Rxe1+ 25. Rxe1 d4 26. Qe4 d3 27. Qxf5 Bxf5 28. f3 d2 29. Rd1 Rd8 0-1

[Event "Early-Titled-Tuesday-Blitz-September-05-2023"]
[Site "Chess.com"]
[Date "2023.09.05"]
[Round "10"]
[White "masterofpuppets2"]
[Black "Orlov_Oleg"]
[Result "1-0"]
[WhiteElo "2486"]
[BlackElo "2587"]
[TimeControl "180+1"]
[EndTime "9:52:11 PDT"]
[Termination "masterofpuppets2 won on time"]

1. d4 Nf6 2. c4 g6 3. f3 c5 4. d5 e6 5. Nc3 exd5 6. cxd5 Bg7 7.
Nh3 d6 8. Nf2 O-O 9. e4 Nbd7 10. Be2 a6 11. a4 b6 12. O-O Re8 13.
Be3 Nf8 14. Qd2 Nh5 15. f4 f5 16. exf5 Qe7 17. Ncd1 Nf6 18. fxg6 Nxg6 19. Ra3 Bd7 20.
Bd3 1-0

[Event "Early-Titled-Tuesday-Blitz-September-05-2023"]
[Site "Chess.com"]
[Date "2023.09.05"]
[Round "10"]
[White "vugarrasulov"]
[Black "shimastream"]
[Result "1-0"]
[WhiteElo "2962"]
[BlackElo "2970"]
[TimeControl "180+1"]
[EndTime "9:52:20 PDT"]
[Termination "vugarrasulov won on time"]

1. d4 Nf6 2. c4 e6 3. Nc3 d5 4.
cxd5 exd5 5. Bg5 c6 6. Qc2 Be7 7. e3 Bg4 8. Bd3 Nbd7 9. Nge2 Bxe2 10. Bxe2 O-O 11. Bd3 h6 12. Bf4 Re8 13. h3 Nf8 14.
O-O-O Ne6 15. Be5 b5 16. f4 b4 17. Na4 Qa5 18. Kb1 Rac8 19. Bf5 Nd7 20. Rc1 Nb6 21. Bxe6 fxe6 22. Qg6 Bf8 23. Nc5 Nc4 24. Nd7 1-0

[Event "Early-Titled-Tuesday-Blitz-September-05-2023"]
[Site "Chess.com"]
[Date "2023.09.05"]
[Round "10"]
[White "fastestmindalive"]
[Black "Zhigalko_Sergei"]
[Result "0-1"]
[WhiteElo "2714"]
[BlackElo "2882"]
[TimeControl "180+1"]
[EndTime "9:52:21 PDT"]
[Termination "Zhigalko_Sergei won by checkmate"]

1. e4 c5 2. Nc3 Nc6 3. f4 g6 4. Nf3 Bg7 5. Bb5 Nd4 6. a4 e6 7.
d3 Ne7 8. Nxd4 cxd4 9. Ne2 a6 10. Bc4 d5 11. Bb3 dxe4 12. dxe4 O-O 13. h4 Qb6 14. h5 Bd7 15. Qd3 Rfd8 16. Bd2 Bc6 17. hxg6 hxg6 18. Rh3 Rac8 19. f5 exf5 20. Ng3 fxe4 21. Nxe4 Bxe4 22. Qxe4 d3 23. Qxe7 Qg1# 0-1

[Event "Early-Titled-Tuesday-Blitz-September-05-2023"]
[Site "Chess.com"]
[Date "2023.09.05"]
[Round "10"]
[White "KatakuriDono"]
[Black "TC2304"]
[Result "0-1"]
[WhiteElo "2315"]
[BlackElo "2349"]
[TimeControl "180+1"]
[EndTime "9:52:22 PDT"]
[Termination "TC2304 won by resignation"]

1. d4 d5 2. c4 c6 3. Nc3 Nf6 4. cxd5 cxd5 5. Bg5 e6 6. e3 Be7 7. Bd3 h6 8. Bh4 O-O 9. f4 Nc6 10. Nf3 a6 11. Rc1 Bd7 12. O-O Rc8 13. Ne5 b5 14. g4 Nxe5 15. fxe5 Nh7 16. Bg3 f6 17. exf6 Rxf6 18. Qe2 Rxf1+ 19. Rxf1 Bf6 20. Bb1 b4 21. Nd1 Bb5 22. Qd2 Bxf1 23. Kxf1 Qd7 24. Qxb4 Rc1 25. Bxh7+ Kxh7 26. Qd2 Qc6 27. Be1 Qc4+ 28.
Kg1 Rc2 0-1

[Event "Early-Titled-Tuesday-Blitz-September-05-2023"]
[Site "Chess.com"]
[Date "2023.09.05"]
[Round "10"]
[White "03revilo"]
[Black "Agoking701"]
[Result "1-0"]
[WhiteElo "2463"]
[BlackElo "2558"]
[TimeControl "180+1"]
[EndTime "9:52:23 PDT"]
[Termination "03revilo won by resignation"]

1. e4 e5 2. Nf3 Nc6 3. Bc4 Bc5 4. c3 Nf6 5. d4 exd4 6. cxd4 Bb4+ 7. Kf1 Nxe4 8. d5 Ne7 9. Qd4 Nf6 10. Bg5 Ng6 11. Nc3 O-O 12. h4 c5 13. Qd3 h6 14. d6 Bxc3 15. Qxg6 Kh8 16. Bxf7 Bxb2 17. Rb1 Bc3 18. Bxh6 Rxf7 19. Qxf7 gxh6 20. Rb3 Ba1 21. Ke2 Bd4 22. Nxd4 cxd4 23. Rf3 Ng8 24. Rg3 1-0

[Event "Early-Titled-Tuesday-Blitz-September-05-2023"]
[Site "Chess.com"]
[Date "2023.09.05"]
[Round "10"]
[White "TrenerChos"]
[Black "merinasian"]
[Result "1-0"]
[WhiteElo "2598"]
[BlackElo "2432"]
[TimeControl "180+1"]
[EndTime "9:52:23 PDT"]
[Termination "TrenerChos won by resignation"]

1. Nf3 Nf6 2. c4 e6 3. b3 b6 4. Bb2 Bb7 5. g3 g6 6. Bg2 Bg7 7. O-O O-O 8. d3 d6 9. Nbd2 Nbd7 10. Qc2 Qe7 11. e4 c5 12. d4 cxd4 13. Nxd4 a6 14. f4 e5 15. Ne2 Ng4 16. Qc3 f5 17. h3 Nh6 18. Rae1 fxe4 19. Nxe4 Nf5 20. Ng5 exf4 21. Bxb7 Bxc3 22. Bd5+ Kg7 23. Bxc3+ Nf6 24. Nxf4 Qa7 25. Nfe6+ Kh8 26. Ne4 b5+ 27. Kh2 b4 28. Ba1 h5 29.
Nxf6 Rxf6 30. Bxf6+ Kh7 31. Ng5+ Kh6 32. Ne6 Re8 33. g4 Ne3 34. Bg5+ Kh7 35. Bxe3 Qb8 36. Rf7+ 1-0

[Event "Early-Titled-Tuesday-Blitz-September-05-2023"]
[Site "Chess.com"]
[Date "2023.09.05"]
[Round "10"]
[White "Firouzja2003"]
[Black "LionTheLeon_06"]
[Result "1-0"]
[WhiteElo "3111"]
[BlackElo "2813"]
[TimeControl "180+1"]
[EndTime "9:52:28 PDT"]
[Termination "Firouzja2003 won by resignation"]

1. d4 d5 2. c4 c6 3. Nc3 Nf6 4.
Nf3 e6 5. Bg5 h6 6. Bxf6 Qxf6 7.
e3 Nd7 8. Qc2 g6 9. Rd1 Bg7 10. Be2 O-O 11. O-O Qe7 12. Rfe1 a6 13. e4 dxc4 14. Bxc4 b5 15. Bf1 Bb7 16. e5 c5 17. d5 exd5 18. Nxd5 Bxd5 19. Rxd5 c4 20. e6 fxe6 21. Qxg6 Qf6 22. Rxe6 Qxg6 23. Rxg6 Rf7 24.
a4 Nf6 25. Re5 Kh7 26. Rg3 Re8 27. axb5 Rxe5 28. Nxe5 Re7 29. Nxc4 axb5 30. Nd6 Re1 31. Re3 Rb1 32. Nxb5 Nd5 33. Rd3 Nf4 34. Rd2 Bxb2 35.
g3 Ne6 36. Kg2 Kg7 37. Bd3 Bc1 38. Re2 Rb2 39. Rxe6 1-0

[Event "Early-Titled-Tuesday-Blitz-September-05-2023"]
[Site "Chess.com"]
[Date "2023.09.05"]
[Round "10"]
[White "GMWSO"]
[Black "Aswathchess"]
[Result "1-0"]
[WhiteElo "3049"]
[BlackElo "2619"]
[TimeControl "180+1"]
[EndTime "9:52:33 PDT"]
[Termination "GMWSO won by checkmate"]

1. b3 e5 2. Bb2 Nc6 3. e3 Nf6 4.
Bb5 Bd6 5. Na3 a6 6. Bxc6 dxc6 7. Nc4 Qe7 8. a4 O-O 9. a5 Bg4 10. f3 Be6 11. Nxe5 Nh5 12. Nd3 Qh4+ 13. Nf2 Bxh2 14. f4 Ng3 15. Nf3 Nxh1 16. Nxh4 Bg3 17. Qf3 Bxh4 18.
g3 Nxg3 19. O-O-O f5 20. Rg1 Bd5 21. Rxg3 Bxf3 22. Rxg7+ Kh8 23. Rg5+ Rf6 24. Bxf6# 1-0

[Event "Early-Titled-Tuesday-Blitz-September-05-2023"]
[Site "Chess.com"]
[Date "2023.09.05"]
[Round "10"]
[White "Casper"]
[Black "Goryachkina"]
[Result "0-1"]
[WhiteElo "2448"]
[BlackElo "2667"]
[TimeControl "180+1"]
[EndTime "9:52:33 PDT"]
[Termination "Goryachkina won on time"]

1. e4 e6 2. d4 d5 3. e5 c5 4. c3 Nc6 5. Nf3 Nge7 6. Bd3 cxd4 7. cxd4 Nf5 8. Bxf5 exf5 9. Nc3 Be6 10. O-O Be7 11. a3 g5 12. Ne1 f4 13. b4 O-O 14.
Qh5 Nxd4 15. g3 Kh8 16. gxf4 Rg8 17. f5 Nxf5 18. Nd3 Rg6 19. Ne2 Rc8 20. Ng3 Rc4 21. Be3 Nxe3 22. fxe3 Bg4 0-1

[Event "Early-Titled-Tuesday-Blitz-September-05-2023"]
[Site "Chess.com"]
[Date "2023.09.05"]
[Round "10"]
[White "NovozhilovSemen"]
[Black "Manukyan_Artak"]
[Result "1-0"]
[WhiteElo "2578"]
[BlackElo "2457"]
[TimeControl "180+1"]
[EndTime "9:52:33 PDT"]
[Termination "NovozhilovSemen won by resignation"]

1. d4 d5 2. c4 dxc4 3. e3 e5 4. Bxc4 exd4 5. exd4 Nf6 6. Nf3 Be7 7. h3 O-O 8. O-O a6 9. a3 b5 10. Ba2 Bb7 11. Nc3 Nbd7 12. Qd3 Nb6 13. Rd1 c5 14. dxc5 Qxd3 15. Rxd3 Bxc5 16. Bf4 Ne4 17. Nxe4 Bxe4 18. Rd2 Bxf3 19. gxf3 Rad8 20. Rad1 Rxd2 21. Rxd2 Be7 22. Re2 Bf6 23. b3 Nd5 24. Bd2 Rc8 25. b4 Nb6 26.
Be3 Nc4 27. Bc5 Nxa3 28. Bd5 a5 29. bxa5 Nc4 30. a6 g5 31. a7 1-0

[Event "Early-Titled-Tuesday-Blitz-September-05-2023"]
[Site "Chess.com"]
[Date "2023.09.05"]
[Round "10"]
[White "szachuspl"]
[Black "IngOscarArdila"]
[Result "1-0"]
[WhiteElo "2546"]
[BlackElo "2406"]
[TimeControl "180+1"]
[EndTime "9:52:35 PDT"]
[Termination "szachuspl won by resignation"]

1. d4 Nf6 2. Bg5 e6 3. e4 h6 4. Bxf6 Qxf6 5. c3 d6 6. Nf3 e5 7. h3 Nd7 8. Bc4 Be7 9. O-O O-O 10.
Nbd2 Re8 11. a4 Nf8 12. a5 a6 13. Re1 Ng6 14. Qb3 Nf4 15. Bf1 Bf8 16. Kh2 c5 17. dxe5 dxe5 18. g3 Ng6 19. Bg2 Qc6 20. Kg1 Be6 21.
Qa4 Qxa4 22. Rxa4 Bb3 23. Ra3 c4 24. Raa1 Rad8 25. Nxb3 cxb3 26. Bf1 Rc8 27. Ra4 Rc5 28. Bc4 Rd8 29. Bd5 Rd7 30. Re2 Rdc7 31. Bxb3 Be7 32. Bd5 Kf8 33. h4 Bd6 34. Rd2 Ke7 35. h5 Nf8 36. Nh4 g6 37. hxg6 fxg6 38. Nf3 Rd7 39. Kg2 Bc7 40. Bxb7 Rxd2 41. Nxd2 Rxa5 42. Rxa5 Bxa5 43.
Bxa6 Kd6 44. Nc4+ Kc5 45. Nxa5 Kb6 46. Nc4+ Kxa6 47. Nxe5 Kb5 48. f4 Kc5 49. Kf3 Kd6 50.
b4 g5 51. Nf7+ Ke6 52. Nxh6 gxf4 53. gxf4 Kf6 54. Ng4+ Ke6 55. f5+ 1-0

[Event "Early-Titled-Tuesday-Blitz-September-05-2023"]
[Site "Chess.com"]
[Date "2023.09.05"]
[Round "10"]
[White "hsd2016"]
[Black "MarijaKuznecova"]
[Result "1-0"]
[WhiteElo "2275"]
[BlackElo "2360"]
[TimeControl "180+1"]
[EndTime "9:52:35 PDT"]
[Termination "hsd2016 won by checkmate"]

1. e4 c5 2. Nf3 d6 3. d4 cxd4 4. Nxd4 Nf6 5. Nc3 a6 6. h3 e5 7. Nf3 b5 8. a3 Bb7 9. Bg5 Be7 10. Bd3 h6 11. Bxf6 Bxf6 12. Qd2 Nd7 13. O-O Nb6 14. a4 b4 15. Ne2 a5 16. Bb5+ Ke7 17. Ng3 g6 18. Rad1 Qc7 19. Nh2 Bg5 20. f4 Bxf4 21. Rxf4 exf4 22. Qxf4 Qc5+ 23. Kh1 Qe5 24. Qe3 Nd5 25.
Qd2 Qxg3 26. exd5 Kf8 27. Qd4 Qe5 28. Qb6 Qe7 29. Nf3 Kg7 30. Re1 Qxe1+ 31. Nxe1 Bxd5 32. Qd4+ Kh7 33. Qxd5 Kg7 34. Nf3 Rac8 35. Nd4 Rhd8 36. Bc4 Rd7 37. Bb5 Re7 38. Qxd6 Re1+ 39. Kh2 b3 40.
cxb3 Rcc1 41. Nf3 Rh1+ 42. Kg3 h5 43. Qe5+ Kh6 44. Qh8# 1-0